 Dungeon Crawl Stone Soup version 0.28.0-43-g3370ac3207 (webtiles) character file.

Game seed: 13351697437190216782

19607 croobank the Destroyer (level 12, -7/99 HPs)
             Began as a Gargoyle Ice Elementalist on Mar 17, 2022.
             Was a Priest of Hepliaklqana.
             Mangled by a meliai
             ... wielding a +0 hand axe
              (12 damage)
             ... in a Gauntlet on Mar 18, 2022.
             The game lasted 01:05:05 (10494 turns).

croobank the Destroyer (Gargoyle Ice Elementalist) Turns: 10494, Time: 01:05:06

Health: -7/99      AC: 26    Str: 13    XL:     12   Next: 70%
Magic:  22/23      EV:  2    Int: 32    God:    Hepliaklqana [***...]
Gold:   514        SH:  0    Dex:  6    Spells: 4/26 levels left

rFire   + + +      SeeInvis .   a - +9 halberd of Qauzep {freeze, rF+++ Will- Int+6 Dex-4}
rCold   + . .      Faith    .   (shield currently unavailable)
rNeg    + . .      Spirit   .   (armour currently unavailable)
rPois   ∞          Reflect  .   (helmet currently unavailable)
rElec   .          Harm     .   (cloak currently unavailable)
rCorr   .          Rampage  .   (gloves currently unavailable)
Will    .....      NoTele   +   (boots currently unavailable)
Stlth   +++.......              S - amulet of regeneration
HPRegen 1.06/turn               E - +6 ring of intelligence
MPRegen 0.18/turn               f - ring of protection from cold

@: tree-form, silenced
A: stationary, stasis, torment immunity, boosted hp, reduced essence, sickness
immunity, AC +8, negative energy resistance 1, (electricity resistance), torment
resistance 1, petrification resistance
a: Renounce Religion


You were in a Gauntlet.
You worshipped Hepliaklqana.
Hepliaklqana was most pleased with you.
You were a tree.
You visited 2 branches of the dungeon, and saw 13 of its levels.
You also visited: Gauntlet.

You collected 538 gold pieces.
You spent 24 gold pieces at shops.

Inventory:

Hand Weapons
 a - the +9 halberd of Qauzep (weapon) {freeze, rF+++ Will- Int+6 Dex-4}
   (You found it on level 2 of the Dungeon)

   It freezes those it strikes, dealing additional cold damage.
   It can also slow down cold-blooded creatures.
   Int:       It affects your intelligence (+6).
   Dex:       It affects your dexterity (-4).
   rF:        It renders you almost immune to fire.
   Will:      It decreases your willpower.
 b - the +2 hunting sling of Luilel {vorpal, Fly}
   (You found it on level 5 of the Dungeon)

   Any ammunition fired from it inflicts extra damage upon your enemies.
   Fly:       It grants you flight.
 h - a +0 long sword of venom
 n - a +1 glaive of flaming
 w - a +2 dire flail of protection
 D - a +2 hunting sling of flaming
 G - the +1 quarterstaff of Vug Heydd {vorpal, *Noise rN+ Str+5 Stlth+}
   (You found it on level 11 of the Dungeon)

   It inflicts extra damage upon your enemies.
   Str:       It affects your strength (+5).
   rN:        It protects you from negative energy.
   *Noise:    It may make noises in combat.
   Stlth:     It makes you more stealthy.
Missiles
 c - 37 bolts
 g - 291 stones
 k - 64 sling bullets
 p - 142 arrows
 u - 4 boomerangs
 X - 5 curare-tipped darts (quivered)
Armour
 m - a +0 helmet (melded)
 y - +0 acid dragon scales (melded)
 P - a +0 cloak (melded)
 Z - a +0 pair of gloves of infusion (melded)
Jewellery
 f - a ring of protection from cold (right branch)
 j - an amulet of guardian spirit
 z - a ring of positive energy
 E - a +6 ring of intelligence (left branch)
 N - a +6 ring of dexterity
 Q - a +6 ring of dexterity
 S - an amulet of regeneration (around neck)
 U - a +4 ring of protection
 W - a +6 ring of intelligence
Wands
 o - a wand of mindburst (7)
 C - a wand of flame (9)
 T - a wand of paralysis (10)
Scrolls
 H - 3 scrolls of immolation
 J - a scroll of teleportation {unknown}
 L - 2 scrolls of holy word {unknown}
 R - a scroll of magic mapping {unknown}
Potions
 i - a potion of resistance {unknown}
 r - a potion of haste
 t - 4 potions of lignification
 A - 3 potions of mutation
 B - 4 potions of brilliance
 K - a potion of attraction {unknown}
 M - a potion of flight {unknown}
 O - a potion of ambrosia {unknown}
 Y - a potion of berserk rage {unknown}


   Skills:
 + Level 8.2 Fighting
 - Level 2.6(3.6) Axes
 - Level 3.7(4.1) Polearms
 + Level 6.9 Dodging
 + Level 9.8 Stealth
 + Level 7.5 Spellcasting
 * Level 10.6 Conjurations
 + Level 9.0 Ice Magic


You had 4 spell levels left.
You knew the following spells:

 Your Spells              Type           Power      Damage    Failure   Level
a - Freeze                Ice            100%       1d11      1%          1
b - Frozen Ramparts       Ice            100%       1d12      1%          3
c - Ozocubu's Armour      Ice            63%        N/A       1%          3
d - Hailstorm             Conj/Ice       66%        3d14      1%          4
e - Dazzling Flash        Conj/Hex       92%        N/A       1%          3
f - Iskenderun's Mystic   Conj/Tloc      46%        2d10      4%          4
g - Sticky Flame          Conj/Fire      46%        2d6       4%          4

Your spell library contained the following spells:

 Spells                   Type           Power      Damage    Failure   Level
 Conjure Flame            Conj/Fire      46%        6-21      1%          3
 Call Canine Familiar     Summ           12%        N/A       12%         3
 Gell's Gravitas          Tloc           12%        N/A       12%         3
 Ignite Poison            Fire/Tmut/Pois 12%        N/A       12%         3
 Lesser Beckoning         Tloc           12%        N/A       12%         3
 Portal Projectile        Hex/Tloc       24%        N/A       12%         3
 Teleport Other           Tloc           12%        N/A       12%         3
 Leda's Liquefaction      Hex/Erth       6%         N/A       36%         4
 Starburst                Conj/Fire      23%        6d8       56%         6
 Lee's Rapid Deconstruct  Erth           6%         3d7*      73%         5
 Statue Form              Tmut/Erth      Unusable   N/A       N/A         6

Dungeon Overview and Level Annotations

Branches:
Dungeon (12/15)            Temple (1/1) D:6            Lair (0/6) D:11
    Orc (0/2) D:11        Gauntlet (1/1)

Altars:
Ashenzari
Cheibriados
Dithmenos
Elyvilon
Fedhas
Gozag
Hepliaklqana
Kikubaaqudgha
Makhleb
Nemelex Xobeh
Okawaru
Qazlal
Ru
Sif Muna
Trog
Uskayaw
Vehumet
Wu Jian
Xom
Yredelemnul
Zin
The Shining One

Shops:
D:2 **   D:9 :

Annotations:
D:3 2 transporters, Kae's ghost, amateur GrEE
D:4 2 transporters Gauntlet 2 transporters, exclusion: oklob plant


Innate Abilities, Weirdness & Mutations

You are a tree.
Your roots penetrate the ground, keeping you stationary.
You cannot be teleported.
You are immune to unholy pain and torment.
Your maximum health is greatly increased.
Your equipment is partially melded.
Your life essence is reduced to manifest your ancestor. (-10% HP)
You are immune to sickness and miasma.
((Your stone body is resilient. (AC +8)))
You are immune to poison.
You resist negative energy. (rN+)
((You are resistant to electric shocks. (rElec)))
You are resistant to unholy torment.
You are immune to petrification.


Message History

The meliai hits you but does no damage.
The meliai stings you but does no damage.
The meliai hits you with a +0 hand axe. The meliai completely misses you.
The meliai barely misses you. The meliai stings you!
The meliai barely misses you. The meliai stings you.
* * * LOW HITPOINT WARNING * * *
The meliai closely misses you.
The meliai stings you but does no damage.
The meliai hits you with a +0 hand axe.
* * * LOW HITPOINT WARNING * * *
The meliai stings you but does no damage.
Really quaff the potion of lignification?
You turn into a tree.
Your +0 cloak melds into your body.
Your +0 helmet melds into your body.
Your +0 pair of gloves of infusion melds into your body.
Your +0 acid dragon scales melds into your body.
You feel magic leave your hands.
Your roots penetrate the ground.
The meliai hits you but does no damage.
The meliai stings you but does no damage.
The meliai hits you with a +0 hand axe!
* * * LOW HITPOINT WARNING * * *
The meliai stings you but does no damage.
The meliai hits you but does no damage. The meliai barely misses you.
The meliai hits you but does no damage. The meliai stings you.
* * * LOW HITPOINT WARNING * * *
You puncture the meliai! You freeze the meliai.
You kill the meliai!
The meliai hits you with a +0 hand axe.
* * * LOW HITPOINT WARNING * * *
The meliai stings you but does no damage.
The meliai hits you but does no damage.
The meliai stings you but does no damage.
The meliai hits you but does no damage.
The meliai stings you but does no damage.
Okay, then.
Okay, then.
You closely miss the meliai. The meliai hits you but does no damage.
The meliai stings you but does no damage.
The meliai hits you with a +0 hand axe!
You die...

.#.#.
#..###########..########
#.......................
#.∩.....................
#..#########..#########.
#..#..8#8..#..#..#.##.#.
#..#=..8...#..###..#.##.
≈..#=.8y8.8#####.##..###
#..#©8.♣)8##©©#©.#©##.#©
≈..#..8)8.8######..#.###
#..#!..8...#..##.##..##.
≈..#..8#8..#..#$.#.##.#.
#..#########..#########.
≈.......................
#..§....................
#≈#§#§#≈#≈#≈#≈#≈#≈#≈#§#≈
# ##############


You could see a meliai.

Vanquished Creatures
  Gastronok (D:8)
  A two-headed ogre (D:10)
  Sonja (D:10)
  A bog body (D:12)
  Pikel (D:6)
  A deep elf pyromancer (D:9)
  2 kobold demonologists (D:11)
  A rime drake (D:12)
  Maggie (D:10)
  An ice devil (D:12)
  An unseen horror (D:11)
  An entropy weaver simulacrum (D:12)
  2 meliai (Gauntlet)
  A troll (D:11)
  Grinder (D:5)
  3 hornets
  A shadow (D:10)
  Sigmund (D:4)
  A ynoxinul (Gauntlet)
  12 yaks
  8 vampire mosquitoes
  Menkaure (D:6)
  A death yak simulacrum (D:12)
  A steam dragon (D:10)
  A warg (D:11)
  Edmund (D:4)
  An orc warrior (D:11)
  3 black bears
  3 ice beasts
  4 ogres
  A necrophage (D:7)
  2 centaurs
  A wolf (Gauntlet)
  2 kobold brigands
  2 bullfrogs
  3 gnoll sergeants
  A scorpion (D:5)
  A two-headed ogre simulacrum (D:12)
  8 killer bees
  3 wights (D:10)
  A howler monkey (D:6)
  2 electric eels (D:10)
  2 centaur zombies
  A crimson imp (D:4)
  2 jellies
  2 iron imps (Gauntlet)
  7 hounds
  A centaur skeleton (D:6)
  3 orc priests
  2 gnoll shamans
  An iguana (D:5)
  Jessica (D:3)
  Natasha (thrice) (D:2)
  2 orc wizards
  A wolf simulacrum (D:12)
  2 spriggan simulacra (D:12)
  A killer bee zombie (D:8)
  A hound skeleton (D:5)
  Robin (D:2)
  A howler monkey zombie (D:7)
  22 gnolls
  5 adders
  2 white imps (D:12)
  2 ufetubi (D:5)
  2 worms (D:5)
  4 dart slugs
  13 orcs
  An endoplasm (D:2)
  3 giant cockroaches
  7 hobgoblins
  A quokka (D:4)
  A ball python (D:4)
  3 bats
  3 frilled lizards
  12 goblins
  22 kobolds
  3 rats
226 creatures vanquished.

Vanquished Creatures (collateral kills)
  2 two-headed ogres
  A moth of wrath (Gauntlet)
  A kobold demonologist (D:9)
  A troll (D:11)
  An ice devil (D:12)
  A polar bear (D:12)
  A shadow (D:10)
  A wraith (D:11)
  7 yaks
  A death yak simulacrum (D:12)
  An acid dragon (D:11)
  An orc warrior (D:8)
  4 wolves (Gauntlet)
  2 kobold brigands
  2 bullfrogs
  A gnoll sergeant (D:9)
  3 killer bees
  3 electric eels (D:10)
  A centaur zombie (D:9)
  A jelly (D:7)
  An iron imp (Gauntlet)
  A spriggan simulacrum (D:12)
  3 gnolls
  A white imp (D:7)
  2 orcs (D:11)
  5 kobolds
49 creatures vanquished.

Vanquished Creatures (others)
  An ancestor (D:8)
  5 battlemagi
6 creatures vanquished.

Grand Total: 281 creatures vanquished

Notes
Turn   | Place    | Note
-------+----------+-------------------------------------------
     0 | D:1      | croobank the Gargoyle Ice Elementalist began the quest for
                  | the Orb.
     0 | D:1      | Reached XP level 1. HP: 10/10 MP: 3/3
   928 | D:2      | Reached XP level 2. HP: 15/15 MP: 3/5
   983 | D:2      | Reached XP level 3. HP: 16/19 MP: 1/6
   987 | D:2      | Learned a level 3 spell: Frozen Ramparts
  1057 | D:2      | Found Faboc's Assorted Antiques.
  1082 | D:2      | Found a faded altar of an unknown god.
  1084 | D:2      | Noticed Natasha
  1093 | D:2      | Killed Natasha
  1119 | D:2      | Noticed Natasha
  1133 | D:2      | Killed Natasha
  1134 | D:2      | Reached XP level 4. HP: 22/24 MP: 3/7
  1138 | D:2      | Learned a level 3 spell: Ozocubu's Armour
  1142 | D:2      | Noticed Natasha
  1153 | D:2      | Killed Natasha
  1272 | D:2      | Identified the +1 robe of Birdsong {-Tele rF+ Dex+4}
  1308 | D:2      | Noticed Robin
  1318 | D:2      | Reached XP level 5. HP: 24/28 MP: 5/9
  1318 | D:2      | Killed Robin
  1659 | D:2      | Found Bovoeh's Assorted Antiques.
  1664 | D:2      | Identified the +9 halberd of Qauzep {freeze, rF+++ Will-
                  | Int+6 Dex-4}
  1668 | D:2      | Bought a scroll labelled EMEGRUT GEUK for 24 gold pieces
  1815 | D:3      | Noticed Kae's ghost (amateur GrEE)
  1816 | D:3      | Found a transporter.
  1856 | D:3      | Noticed Jessica
  1860 | D:3      | Killed Jessica
  1993 | D:3      | Found a blossoming altar of Fedhas.
  2137 | D:3      | Found a transporter.
  2605 | D:4      | Noticed an ogre
  2610 | D:4      | Killed an ogre
  2611 | D:4      | Reached skill level 1 in Fighting
  2611 | D:4      | Reached skill level 1 in Axes
  2611 | D:4      | Reached skill level 1 in Polearms
  2611 | D:4      | Reached XP level 6. HP: 15/34 MP: 6/10
  2853 | D:4      | Found a transporter.
  2869 | D:4      | Found a transporter.
  3193 | D:4      | Found a burning altar of Makhleb.
  3193 | D:4      | Found a shimmering altar of Xom.
  3196 | D:4      | Reached skill level 5 in Ice Magic
  3311 | D:4      | Noticed Sigmund
  3315 | D:4      | Killed Sigmund
  3316 | D:4      | Reached XP level 7. HP: 32/39 MP: 7/12
  3374 | D:4      | Noticed Edmund
  3379 | D:4      | Killed Edmund
  3729 | D:5      | Entered Level 5 of the Dungeon
  3744 | D:5      | Reached XP level 8. HP: 28/45 MP: 7/13
  3757 | D:5      | Noticed a hornet
  3762 | D:5      | Killed a hornet
  3861 | D:5      | Identified the +2 hunting sling of Luilel {vorpal, Fly}
  3952 | D:5      | Reached skill level 5 in Stealth
  4279 | D:5      | Learned a level 4 spell: Hailstorm
  4350 | D:5      | Noticed Grinder
  4351 | D:5      | Paralysed by Grinder for 7 turns
  4390 | D:5      | Killed Grinder
  4391 | D:5      | Reached skill level 2 in Conjurations
  4657 | D:5      | Reached XP level 9. HP: 51/51 MP: 15/15
  4747 | D:5      | Learned a level 3 spell: Dazzling Flash
  4940 | D:6      | Reached skill level 3 in Conjurations
  4944 | D:6      | Found a staircase to the Ecumenical Temple.
  4956 | D:6      | Noticed Pikel
  4979 | D:6      | Killed Pikel
  5176 | Temple   | Entered the Ecumenical Temple
  5378 | Temple   | Became a worshipper of Hepliaklqana the Forgotten
  5456 | D:6      | Reached skill level 4 in Conjurations
  5843 | D:6      | Noticed Menkaure
  5850 | D:6      | Killed Menkaure
  5931 | D:6      | Found a glowing golden altar of the Shining One.
  6086 | D:6      | Reached skill level 5 in Spellcasting
  6184 | D:7      | Reached * piety under Hepliaklqana
  6295 | D:7      | Found a stormy altar of Qazlal.
  6377 | D:7      | Reached skill level 5 in Conjurations
  6389 | D:7      | Noticed a hornet
  6395 | D:7      | Killed a hornet
  6396 | D:7      | Reached skill level 5 in Fighting
  6396 | D:7      | Reached XP level 10. HP: 29/53 MP: 13/17
  6613 | D:7      | Learned a level 4 spell: Iskenderun's Mystic Blast
  6769 | D:7      | Found an ancient bone altar of Kikubaaqudgha.
  6991 | D:8      | Found a bloodstained altar of Trog.
  7020 | D:8      | Reached skill level 6 in Conjurations
  7225 | D:8      | Found a radiant altar of Vehumet.
  7301 | D:8      | Reached skill level 5 in Dodging
  7314 | D:8      | Noticed Gastronok
  7328 | D:8      | Killed Gastronok
  7543 | D:8      | Found a shimmering blue altar of Sif Muna.
  7619 | D:8      | Found an opulent altar of Gozag.
  7619 | D:8      | Found a glowing silver altar of Zin.
  7755 | D:9      | Noticed a two-headed ogre
  7763 | D:9      | Killed a two-headed ogre
  7764 | D:9      | Reached skill level 7 in Conjurations
  7842 | D:9      | Found Fyefotyt's Book Emporium.
  7904 | D:9      | Reached ** piety under Hepliaklqana
  7905 | D:9      | Remembered your ancestor Eanasir as a battlemage
  7907 | D:9      | Noticed a deep elf pyromancer
  7912 | D:9      | Reached XP level 11. HP: 13/57 MP: 13/20
  7923 | D:10     | Entered Level 10 of the Dungeon
  8001 | D:9      | Killed a deep elf pyromancer
  8074 | D:9      | Reached skill level 8 in Conjurations
  8465 | D:10     | Noticed Sonja
  8473 | D:10     | Killed Sonja
  8604 | D:10     | Noticed a two-headed ogre
  8611 | D:10     | Killed a two-headed ogre
  8994 | D:10     | Noticed a two-headed ogre
  9223 | D:10     | Killed a two-headed ogre
  9224 | D:10     | Reached skill level 9 in Conjurations
  9295 | D:10     | Noticed Maggie
  9307 | D:10     | Reached *** piety under Hepliaklqana
  9311 | D:10     | Killed Maggie
  9312 | D:10     | Found a snail-covered altar of Cheibriados.
  9431 | D:10     | Reached XP level 12. HP: 41/64 MP: 18/22
  9687 | D:11     | Found a staircase to the Lair.
  9755 | D:11     | Identified the +1 quarterstaff of Vug Heydd {vorpal, *Noise
                  | rN+ Str+5 Stlth+}
  9844 | D:11     | Reached skill level 10 in Conjurations
  9877 | D:11     | Found a staircase to the Orcish Mines.
 10181 | D:12     | HP: 3/65 [death yak simulacrum (14)]
 10363 | D:12     | Found a gate leading to a gauntlet.
 10373 | Gauntlet | Entered a Gauntlet
 10373 | Gauntlet | Found a runed translucent gate.
 10373 | Gauntlet | Found a transporter.
 10373 | Gauntlet | Found a transporter.
 10378 | Gauntlet | Found a runed translucent gate.
 10379 | Gauntlet | Found a runed translucent gate.
 10381 | Gauntlet | Found a transporter.
 10383 | Gauntlet | Found a transporter.
 10435 | Gauntlet | Found a transporter.
 10435 | Gauntlet | Found a transporter.
 10485 | Gauntlet | Learned a level 4 spell: Sticky Flame
 10485 | Gauntlet | Found a transporter.
 10493 | Gauntlet | HP: 4/99 [meliai/+0 hand axe (6)]
 10494 | Gauntlet | Mangled by a meliai

Illustrated notes

Levels and vault maps discovered:
D:1:      grunt_arrival_lava_bath, layout_basic
D:2:      layout_basic, hellmonk_ecumenical_altar_run_dry, serial_shops, shop,
          nicolae_shop_hallway_plus, minmay_tetromino_s4, uniq_natasha,
          uniq_robin
D:3:      layout_loops_ring, lemuel_crystal_altar, gammafunk_ghost_arena,
          uniq_jessica
D:4:      gammafunk_wand_slinger, layout_gridville,
          grunt_temple_overflow_champion_of_chaos, sigmund_edmund_badplayer
D:5:      layout_loops_ring, minmay_checkerbox, uniq_grinder
D:6:      layout_basic, lemuel_crystal_altar, minmay_temple_entry_trees,
          uniq_pikel, uniq_menkaure
D:7:      layout_rooms, lemuel_tele_altar, mainiacjoe_overflow_six_doors_small
D:8:      layout_basic, grunt_temple_overflow_gold_and_silver,
          old_standard_altar, nicolae_sif_muna_little_library,
          mainiacjoe_overflow_concentric_impassable, uniq_gastronok
D:9:      layout_cave_pools, serial_shops,
          nicolae_shop_temple_entry_statues_fountains
D:10:     layout_basic, mainiacjoe_overflow_chevrons, uniq_maggie, uniq_sonja
D:11:     layout_cave_pools, lair_entry_dummy, erik_orc_4
D:12:     dreamdust_isle_of_ice, layout_gridville, gauntlet_entry_generic,
          minmay_misc_feat_encased, lemuel_zombie_altar_kikubaaqudgha,
          uniq_azrael
Temple:   chequers_temple_sunken
Gauntlet: minmay_gauntlet_mixed_big_or_small
          [gammafunk_gauntlet_arena_split_diamond,
          minmay_gauntlet_arena_77_run_for_it,
          gammafunk_gauntlet_arena_chambers,
          minmay_gauntlet_arena_77_tiled_triplets,
          nicolae_gauntlet_arena_grate_2,
          minmay_gauntlet_arena_77_terracotta_army, gauntlet_exit_green]

Skill      XL: |  1  2  3  4  5  6  7  8  9 10 11 12 |
---------------+-------------------------------------+-----
Dodging        | 2 3 4 5 6 |  6.9
Stealth        | 3 4 5 6 7 9 |  9.8
Spellcasting   | 3 4 5 6 7 |  7.5
Fighting       | 1 2 3 5 6 7 8 |  8.2
Axes           | 1 2 |  2.6
Polearms       | 1 2 3 |  3.7
Ice Magic      | 5 6 7 8 9 |  9.0
Conjurations   | 2 5 7 9 10 | 10.6

Action                   |  1- 3 |  4- 6 |  7- 9 | 10-12 || total
-------------------------+-------+-------+-------+-------++-------
Melee: Unarmed           |     5 |       |       |       ||     5
       Spear             |    19 |    50 |       |       ||    69
       Punch             |       |     2 |       |       ||     2
       Halberd           |       |    51 |   115 |   272 ||   438
 Fire: Hunting sling     |       |       |     9 |     8 ||    17
 Cast: Freeze            |    19 |     4 |       |     4 ||    27
       Frozen Ramparts   |     1 |     4 |    10 |    16 ||    31
       Ozocubu's Armour  |       |       |     2 |     1 ||     3
       Dazzling Flash    |       |       |       |     5 ||     5
       Hailstorm         |       |       |       |     4 ||     4
       Iskenderun's Myst |       |       |       |     2 ||     2
Invok: Ancestor Life: Ba |       |       |       |     1 ||     1
Evoke: Wand              |       |       |    10 |       ||    10
  Use: Scroll            |       |     7 |     1 |    10 ||    18
       Potion            |       |     1 |       |    10 ||    11
 Stab: Sleeping          |     1 |     8 |     7 |     7 ||    23
       Distracted        |       |       |       |     5 ||     5
       Invisible         |       |       |       |     1 ||     1
Armor: Robe              |    10 |    13 |    29 |    79 ||   131
       Skin              |       |     1 |       |    26 ||    27
       Acid dragon scale |       |       |       |    52 ||    52
Dodge: Dodged            |    16 |    43 |    62 |   250 ||   371
